 Dungeon Crawl Stone Soup version 0.26-a0-976-gd3b5134375 (webtiles) character file.

Game seed: 15838290584229577107

2849 Gargoyl the Fighter (level 9, -1/74 HPs)
             Began as a Gnoll Abyssal Knight on Dec 5, 2020.
             Was an Elder of Lugonu.
             Succumbed to Harold's poison
             ... on level 7 of the Dungeon.
             The game lasted 00:12:41 (7170 turns).

Gargoyl the Fighter (Gnoll Abyssal Knight)          Turns: 7170, Time: 00:12:41

Health: -1/74      AC: 26    Str: 16 (19) XL:     9   Next: 74%
Magic:  14/15      EV:  7    Int: 12 (14) God:    Lugonu [****..]
Gold:   338        SH: 12    Dex: 11 (14) Spells: 17/17 levels left

rFire    . . .     SeeInvis .   a - +3 hand axe
rCold    . . .     Faith    .   c - +2 buckler
rNeg     . . .     Spirit   .   w - +0 plate armour
rPois    .         Reflect  +   (no helmet)
rElec    .         Harm     .   t - +0 cloak
rCorr    .         Rampage  .   q - +0 pair of gloves
MR       .....                  s - +2 pair of boots
Stlth    ..........             d - amulet of reflection
HPRegen  0.22/turn              j - +4 ring of protection
MPRegen  0.14/turn              r - +4 ring of protection

@: brilliant, lethally poisoned (-1 -> -35), marked
A: distributed training, fangs 1, strong nose
a: Depart the Abyss, Bend Space, Banish, Corrupt, Renounce Religion


You were on level 7 of the Dungeon.
You worshipped Lugonu.
Lugonu was greatly pleased with you.
You visited 1 branch of the dungeon, and saw 7 of its levels.
You visited the Abyss 1 time.

You collected 338 gold pieces.

Inventory:

Hand Weapons
 a - a +3 hand axe (weapon)
Missiles
 g - 44 poisoned darts (quivered)
Armour
 c - a +2 buckler (worn)
 q - a +0 pair of gloves (worn)
 s - a +2 pair of boots (worn)
 t - a +0 cloak (worn)
 w - a +0 plate armour (worn)
Jewellery
 d - an amulet of reflection (around neck)
 j - a +4 ring of protection (left hand)
 r - a +4 ring of protection (right hand)
Wands
 i - a wand of random effects (31)
 k - a wand of digging (6)
Scrolls
 h - 8 scrolls of identify
 m - a scroll of teleportation
 o - 3 scrolls of remove curse
 u - a scroll of blinking
 y - a scroll of fear
Potions
 e - 3 potions of might
 f - 3 potions of flight
 l - 5 potions of curing
 n - a potion of lignification {unknown}
 p - a potion of haste


   Skills:
 + Level 8.0 Fighting
 + Level 4.5 Short Blades
 + Level 4.5 Long Blades
 + Level 6.5 Axes
 + Level 4.5 Maces & Flails
 + Level 4.5 Polearms
 + Level 4.5 Staves
 + Level 4.5 Slings
 + Level 4.5 Bows
 + Level 4.5 Crossbows
 + Level 4.5 Throwing
 + Level 6.5 Armour
 + Level 5.3 Dodging
 + Level 4.5 Stealth
 + Level 4.5 Shields
 + Level 4.5 Unarmed Combat
 + Level 4.5 Spellcasting
 + Level 3.7 Conjurations
 + Level 3.7 Hexes
 + Level 3.7 Summonings
 + Level 3.7 Necromancy
 + Level 3.7 Translocations
 + Level 3.7 Transmutations
 + Level 3.7 Fire Magic
 + Level 3.7 Ice Magic
 + Level 3.7 Air Magic
 + Level 3.7 Earth Magic
 + Level 3.7 Poison Magic
 + Level 6.9 Invocations
 + Level 4.5 Evocations


You had 17 spell levels left.
You didn't know any spells.
Your spell library contained the following spells:

 Spells                   Type           Power        Failure   Level
 Animate Skeleton         Necr           ###...       89%         1
 Apportation              Tloc           ###...       89%         1
 Corona                   Hex            ###....      89%         1
 Summon Small Mammal      Summ           ###.         89%         1


Dungeon Overview and Level Annotations

Branches:
Dungeon (7/15)             Temple (0/1) D:7

Altars:
Dithmenos
Vehumet

Annotations:
D:7 Harold
Abyss:1 Menkaure


Innate Abilities, Weirdness & Mutations

Your experience applies equally to all skills.
You have very sharp teeth.
Your uncanny sense of smell can sniff out nearby items.


Message History

Harold is severely wounded.
You feel sick. Harold hits you but does no damage.
You are more poisoned.
You slash Harold! You bite Harold, but do no damage.
Harold is almost dead.
* * * LOW HITPOINT WARNING * * *
You feel sick.
You slash Harold! You bite Harold, but do no damage.
Harold is almost dead.
You completely miss the hound.
* * * LOW HITPOINT WARNING * * *
You feel sick.
Harold hits you with a +7 hand axe of venom!
* * * LOW HITPOINT WARNING * * *
You are more poisoned.
You block the hound's attack.
It was a potion of degeneration.
There was something very wrong with that liquid.
You feel weakened.
You feel dopey.
You feel clumsy.
You die...

..........#
#...........
.........[#
#...........
#........##
##.......###
##.......#
##......###
##.....##
##.....###
##..###
##..##### ##.##
###.### #..##
##..## ##..##
#@.##
####..######@h##
#............Z.
##..#######.....
# ##†.##
#....... ###..##
#.........
...###
#...........
..##
.............
..## ∆


You could see Harold, a hound and an adder zombie.

Vanquished Creatures
  Prince Ribbit (D:5)
  A steam dragon (D:7)
  An ice beast (D:7)
  2 phantoms (D:7)
  An orc warrior (D:6)
  A sky beast (D:6)
  5 ogres
  2 centaurs
  Blork the orc (D:5)
  A bullfrog (D:6)
  2 scorpions
  7 killer bees (D:7)
  A howler monkey (D:7)
  2 jellies
  Crazy Yiuf (D:5)
  A bullfrog skeleton (D:5)
  An orc priest (D:7)
  4 orc wizards
  Ijyb (D:5)
  Terence (D:3)
  3 iguanas
  3 worker ants
  A statue (D:7)
  2 hound zombies (D:5)
  A hound skeleton (D:7)
  A howler monkey zombie (D:6)
  8 gnolls
  6 adders
  An ufetubus (D:7)
  3 oozes
  3 adder skeletons
  2 worms (D:4)
  A dart slug (D:1)
  6 leopard geckos
  15 orcs
  9 bats
  6 giant cockroaches
  8 goblins
  10 hobgoblins
  4 jackals
  4 quokkas
  4 frilled lizards
  6 kobolds
  A quokka zombie (D:5)
  9 rats
154 creatures vanquished.

Vanquished Creatures (others)
  An orc (D:7)
1 creature vanquished.

Grand Total: 155 creatures vanquished

Notes
Turn   | Place    | Note
-------+----------+-------------------------------------------
     0 | Abyss:1  | Gargoyl the Gnoll Abyssal Knight began the quest for the
                  | Orb.
     0 | Abyss:1  | Reached XP level 1. HP: 23/23 MP: 3/3
    49 | Abyss:2  | Found an iron altar of Okawaru.
    57 | Abyss:2  | Found an ornate altar of the Wu Jian Council.
    60 | Abyss:2  | Found a corrupted altar of Lugonu.
    63 | Abyss:2  | Noticed an ancient zyme
    63 | Abyss:2  | Noticed a large abomination
    63 | Abyss:2  | Noticed a small abomination
    66 | Abyss:2  | Noticed an eye of draining
    67 | D:1      | Escaped the Abyss
   249 | D:1      | Reached XP level 2. HP: 28/29 MP: 5/5
   296 | D:1      | Reached * piety under Lugonu
   515 | D:1      | Reached XP level 3. HP: 27/35 MP: 6/6
  1105 | D:2      | Reached skill level 1 in Short Blades
  1105 | D:2      | Reached skill level 1 in Long Blades
  1105 | D:2      | Reached skill level 1 in Maces & Flails
  1105 | D:2      | Reached skill level 1 in Polearms
  1105 | D:2      | Reached skill level 1 in Staves
  1105 | D:2      | Reached skill level 1 in Slings
  1105 | D:2      | Reached skill level 1 in Bows
  1105 | D:2      | Reached skill level 1 in Crossbows
  1105 | D:2      | Reached skill level 1 in Throwing
  1105 | D:2      | Reached skill level 1 in Stealth
  1105 | D:2      | Reached skill level 1 in Shields
  1105 | D:2      | Reached skill level 1 in Unarmed Combat
  1105 | D:2      | Reached skill level 1 in Spellcasting
  1105 | D:2      | Reached skill level 1 in Evocations
  1105 | D:2      | Reached XP level 4. HP: 41/41 MP: 7/7
  1881 | D:3      | Noticed Terence
  1900 | D:3      | Reached skill level 1 in Conjurations
  1900 | D:3      | Reached skill level 1 in Hexes
  1900 | D:3      | Reached skill level 1 in Summonings
  1900 | D:3      | Reached skill level 1 in Necromancy
  1900 | D:3      | Reached skill level 1 in Translocations
  1900 | D:3      | Reached skill level 1 in Transmutations
  1900 | D:3      | Reached skill level 1 in Fire Magic
  1900 | D:3      | Reached skill level 1 in Ice Magic
  1900 | D:3      | Reached skill level 1 in Air Magic
  1900 | D:3      | Reached skill level 1 in Earth Magic
  1900 | D:3      | Reached skill level 1 in Poison Magic
  1901 | D:3      | Killed Terence
  1901 | D:3      | Reached ** piety under Lugonu
  1956 | D:3      | Reached XP level 5. HP: 47/47 MP: 8/8
  2378 | D:3      | Found a faded altar of an unknown god.
  2686 | D:4      | Noticed an ogre
  2696 | D:4      | Killed an ogre
  2697 | D:4      | Reached skill level 5 in Invocations
  2697 | D:4      | Reached XP level 6. HP: 34/53 MP: 9/9
  3038 | D:4      | Reached skill level 5 in Axes
  3038 | D:4      | Reached skill level 5 in Armour
  3671 | D:4      | Reached XP level 7. HP: 59/59 MP: 10/10
  3814 | D:5      | Entered Level 5 of the Dungeon
  3823 | D:5      | Reached skill level 7 in Fighting
  4051 | D:4      | HP: 3/60 [ogre/+0 giant club (16)]
  4312 | D:5      | Noticed Prince Ribbit
  4330 | D:5      | Killed Prince Ribbit
  4331 | D:5      | Reached XP level 8. HP: 63/67 MP: 12/12
  4490 | D:5      | Noticed Ijyb
  4497 | D:5      | Killed Ijyb
  4531 | D:5      | Reached *** piety under Lugonu
  4648 | D:5      | Noticed Blork the orc
  4658 | D:5      | Killed Blork the orc
  4938 | D:5      | Found a runed translucent door.
  4939 | D:5      | Noticed Crazy Yiuf
  4947 | D:5      | Killed Crazy Yiuf
  5008 | D:5      | Found a shadowy altar of Dithmenos.
  5758 | D:6      | Reached XP level 9. HP: 51/72 MP: 14/14
  6482 | D:7      | Found a staircase to the Ecumenical Temple.
  6530 | D:7      | Reached **** piety under Lugonu
  6537 | D:7      | Reached skill level 5 in Dodging
  7028 | D:7      | Reached skill level 8 in Fighting
  7094 | D:7      | Found a radiant altar of Vehumet.
  7137 | D:7      | Noticed Menkaure
  7146 | D:7      | Noticed Harold
  7149 | D:7      | Banished Menkaure
  7169 | D:7      | HP: 2/74 [Harold/+7 hand axe of venom (12)]
  7170 | D:7      | Succumbed to Harold's poison

Illustrated notes

Levels and vault maps discovered:
D:1:      dpeg_arrival_arbitrary_b, layout_loops_ring
D:2:      layout_loops_ring
D:3:      layout_basic, chequers_ecumenical_altar_simple, uniq_terence
D:4:      layout_basic, gup_sewer_entry_bubbles, dk_noncrumbling_2
D:5:      layout_basic, basic_altar, uniq_prince_ribbit1, uniq_ijyb,
          uniq_crazy_yiuf_cottage, uniq_blork_the_orc
D:6:      layout_gridville
D:7:      layout_cave_pods, vehumet_statue, minmay_temple_entry_ruins,
          uniq_harold, uniq_menkaure

Skill      XL: |  1  2  3  4  5  6  7  8  9 |
---------------+----------------------------+-----
Short Blades   | 1 2 3 4 |  4.5
Long Blades    | 1 2 3 4 |  4.5
Maces & Flails | 1 2 3 4 |  4.5
Polearms       | 1 2 3 4 |  4.5
Staves         | 1 2 3 4 |  4.5
Slings         | 1 2 3 4 |  4.5
Bows           | 1 2 3 4 |  4.5
Crossbows      | 1 2 3 4 |  4.5
Throwing       | 1 2 3 4 |  4.5
Stealth        | 1 2 3 4 |  4.5
Shields        | 1 2 3 4 |  4.5
Unarmed Combat | 1 2 3 4 |  4.5
Spellcasting   | 1 2 3 4 |  4.5
Evocations     | 1 2 3 4 |  4.5
Conjurations   | 1 2 3 |  3.7
Hexes          | 1 2 3 |  3.7
Summonings     | 1 2 3 |  3.7
Necromancy     | 1 2 3 |  3.7
Translocations | 1 2 3 |  3.7
Transmutations | 1 2 3 |  3.7
Fire Magic     | 1 2 3 |  3.7
Ice Magic      | 1 2 3 |  3.7
Air Magic      | 1 2 3 |  3.7
Earth Magic    | 1 2 3 |  3.7
Poison Magic   | 1 2 3 |  3.7
Dodging        | 3 4 5 |  5.3
Invocations    | 5 6 |  6.9
Axes           | 5 6 |  6.5
Armour         | 5 6 |  6.5
Fighting       | 7 8 |  8.0

Action                   |  1- 3 |  4- 6 |  7- 9 || total
-------------------------+-------+-------+-------++-------
Melee: Hand axe          |    75 |   209 |   324 ||   608
       Bite              |     5 |    25 |    27 ||    57
Throw: Dart              |       |     5 |    36 ||    41
Invok: Depart the Abyss  |     1 |       |       ||     1
       Banish            |       |       |     1 ||     1
  Use: Scroll            |       |    10 |     2 ||    12
       Potion            |       |       |     4 ||     4
Armor: Leather armour    |     5 |       |       ||     5
       Ring mail         |    22 |     3 |       ||    25
       Chain mail        |       |    93 |    86 ||   179
       Plate armour      |       |       |   128 ||   128
Dodge: Dodged            |    47 |    50 |   117 ||   214
Block: Buckler           |    22 |    55 |   177 ||   254
       Reflection        |       |       |     3 ||     3

Table legend: (Time is in decaauts)
 A = Elapsed time spent in this place.
 B = Non-inter-level travel time spent in this place.
 C = Inter-level travel time spent in this place.
 D = Time resting spent in this place.
 E = Time spent auto-exploring this place.
 F = Levels seen in this place.
 G = Mean time per level.
                   A        B        C        D        E       F      G
               +--------+--------+--------+--------+--------+-----+--------+
         Total |   7223 |   6889 |    334 |    653 |   4637 |   9 |  802.6 |
       Dungeon |   7156 |   6822 |    334 |    653 |   4595 |   7 | 1022.3 |
         Abyss |     66 |     66 |      0 |      0 |     42 |   2 |   33.0 |
               +--------+--------+--------+--------+--------+-----+--------+

Top non-repeatable levels by time:
     D:4: 1539 daAuts
     D:7: 1201 daAuts
     D:5: 1055 daAuts
     D:1: 950 daAuts
     D:3: 940 daAuts
     D:6: 781 daAuts
     D:2: 688 daAuts
 Abyss:2: 40 daAuts
 Abyss:1: 26 daAuts
